Colorado Rockies vs Boston Bruins
Created - Monday, October 16, 2023 at 06:44
Goals
|
| Colorado Rockies |
2 |
0 |
0 |
0 |
1 |
3 |
| Boston Bruins |
0 |
2 |
0 |
0 |
0 |
2 |
|
Shots
|
| Colorado Rockies |
10 |
8 |
9 |
1 |
4 |
28 |
| Boston Bruins |
14 |
4 |
10 |
0 |
4 |
28 |
|
1st period
1. Colorado Rockies , Quinn Hughes 9 (Nikita Kucherov 19, Kyle Connor 22) at 2:03 (PP)
2. Colorado Rockies , Kyle Connor 9 (Nikita Kucherov 20) at 13:07 (PP)
Penalties :
Brandon Hagel (BOS) for Diving (Minor) at 1:57, Victor Mete (BOS) for Holding (Minor) at 11:40, Martin Fehervary (COL) for Interference (Minor) at 18:36
2nd period
3. Boston Bruins , Dylan Gambrell 5 (Brandon Hagel 21, Phil Kessel 8) at 13:27
4. Boston Bruins , Sean Durzi 4 (Phil Kessel 9, Brandon Hagel 22) at 19:36 (PP)
Penalties :
Charlie McAvoy (BOS) for Roughing (Minor) at 4:00, Nick Bonino (COL) for Interference (Minor) at 6:33, Joel Farabee (BOS) for Goalie Interference (Minor) at 15:24, Quinn Hughes (COL) for Elbowing (Minor) at 19:20, Charlie McAvoy (BOS) for Hooking (Minor) at 19:45
3rd period
No Goal
Penalties :
Nikita Kucherov (COL) for Holding (Minor) at 2:48, Brandon Hagel (BOS) for Interference (Minor) at 13:42
Overtime #1
No Goal
Penalties :
No Penalty
Shootout
Colorado Rockies, Tim Stutzle - Shot Misses the Net
Boston Bruins, Brandon Hagel - Shot Misses the Net
Colorado Rockies, Nikita Kucherov - Stopped by Leevi Merilainen
Boston Bruins, Pavel Zacha - Stopped by Ilya Samsonov
Colorado Rockies, David Pastrnak - Stopped by Leevi Merilainen
Boston Bruins, Phil Kessel - Stopped by Ilya Samsonov
Colorado Rockies, Kyle Connor - Goal!
Boston Bruins, Anthony Beauvillier - Stopped by Ilya Samsonov
Penalties :
No Penalty
Goalie Stats
Ilya Samsonov (COL), 26 saves from 28 shots - (0.929), W, 10-7-0, 65:00 minutes
Leevi Merilainen (BOS), 26 saves from 28 shots - (0.929), OTL, 0-1-2, 65:00 minutes
Players Stats for Colorado Rockies
Player Name G A P +/- PIM S H SB GA TA FO MP PP MP PK MP
------------------------------------------------------------------------------------
David Pastrnak 0 0 0 -1 0 1 1 0 4 1 0/2 20:00 4:25 0:00
Dylan Strome 0 0 0 0 0 1 0 0 0 0 0/0 10:14 0:00 0:00
Evgeny Kuznetsov 0 0 0 -1 0 0 3 1 1 0 8/13 17:56 0:00 3:18
Jesper Bratt 0 0 0 0 0 1 3 2 0 0 1/1 18:46 4:24 0:32
Kevin Hayes 0 0 0 0 0 1 0 0 0 0 0/0 6:55 0:00 0:00
Kyle Connor 1 1 2 -1 0 6 4 2 1 0 1/1 18:25 4:45 0:00
Kyle Palmieri 0 0 0 0 0 0 3 0 1 0 0/0 7:06 0:11 0:00
Martin Fehervary 0 0 0 0 2 0 1 1 0 1 0/0 19:06 0:00 1:59
Nick Bonino 0 0 0 0 2 0 2 0 0 0 2/2 11:19 0:48 1:54
Nick Schmaltz 0 0 0 0 0 4 2 1 1 0 0/1 12:02 0:14 0:07
Nikita Kucherov 0 2 2 0 2 2 2 1 0 1 2/2 19:08 4:34 0:00
Quinn Hughes 1 0 1 -1 2 1 2 1 0 1 0/0 27:06 5:33 3:09
Roman Josi 0 0 0 0 0 0 0 1 0 0 0/0 13:21 2:06 2:09
Ryan O'Reilly 0 0 0 0 0 2 3 0 0 2 12/18 19:50 4:32 3:03
Shea Theodore 0 0 0 0 0 2 0 1 0 3 0/0 22:55 4:58 0:00
Tim Stutzle 0 0 0 0 0 5 1 0 1 0 10/25 22:53 4:34 3:32
Victor Hedman 0 0 0 -1 0 2 1 2 1 3 0/0 27:35 4:36 3:07
Zachary Werenski 0 0 0 0 0 0 2 1 0 1 0/0 19:06 1:45 2:02
Players Stats for Boston Bruins
Player Name G A P +/- PIM S H SB GA TA FO MP PP MP PK MP
------------------------------------------------------------------------------------
Anthony Beauvillier 0 0 0 0 0 2 1 0 1 0 1/2 21:58 3:03 4:19
Austin Wagner 0 0 0 1 0 0 1 0 1 0 0/0 7:45 0:00 0:00
Brandon Hagel 0 2 2 0 4 7 1 1 4 0 0/1 22:11 3:08 3:50
Charlie McAvoy 0 0 0 0 4 3 3 0 0 1 0/0 26:08 2:50 2:46
Dylan Gambrell 1 0 1 1 0 3 1 0 1 0 2/3 7:45 0:00 0:00
Joe Veleno 0 0 0 0 0 2 1 1 0 0 2/8 12:27 0:00 0:55
Joel Farabee 0 0 0 0 2 1 1 0 3 2 0/0 16:00 3:03 0:00
John-Jason Peterka 0 0 0 0 0 0 1 0 1 0 0/0 12:08 0:05 0:00
Mathieu Olivier 0 0 0 1 0 1 0 0 0 0 0/0 7:45 0:00 0:00
Matt Grzelcyk 0 0 0 1 0 2 0 1 0 0 0/0 18:48 0:55 0:36
Nicholas Merkley 0 0 0 0 0 1 2 0 0 1 1/1 11:38 0:02 0:00
Pavel Zacha 0 0 0 0 0 1 3 0 0 0 10/18 22:45 3:08 4:50
Phil Kessel 0 2 2 0 0 0 0 1 0 0 5/12 21:04 3:08 4:19
Ryan Donato 0 0 0 0 0 2 2 0 1 1 8/20 16:44 3:02 0:45
Samuel Girard 0 0 0 0 0 1 2 0 0 0 0/0 14:34 2:28 3:18
Sean Durzi 1 0 1 0 0 2 3 3 0 1 0/0 24:34 3:23 4:55
Tyson Barrie 0 0 0 0 0 0 5 1 1 2 0/0 27:04 2:50 4:34
Victor Mete 0 0 0 1 2 0 0 0 0 2 0/0 19:07 0:00 2:49
3 Stars
1 - Kyle Connor (COL)
2 - Sean Durzi (BOS)
3 - Dylan Gambrell (BOS)
Power Play
Colorado Rockies - 2 on 6 Attempt(s) - 33.33%
Boston Bruins - 1 on 4 Attempt(s) - 25.00%
Penalty Kill
Colorado Rockies - 3 on 4 Attempt(s) - 75.00%
- Score 0 goal in Penalty Kill
Boston Bruins - 4 on 6 Attempt(s) - 66.67%
- Score 0 goal in Penalty Kill
Team Stat
Colorado Rockies - Hits : 30 - Faceoff Wins : 36 - Blocked Shots : 14 - Penalty Minutes : 8
Boston Bruins - Hits : 27 - Faceoff Wins : 29 - Blocked Shots : 8 - Penalty Minutes : 12
Official
Referees : TJ Luxmore and Graham Skiliter
Linesman : Shandor Alphonso and Greg Devorski
Game Notes
Roman Josi is injured at 14:48 of 2nd period (Right Knee)
Samuel Girard is injured at 0:58 of 3rd period (Bruised Right Foot)
Finance
Level 1 -- Attendance: 4326 (72.10%) -- Ticket Income $432,600
Level 2 -- Attendance: 3698 (73.96%) -- Ticket Income $221,880
Level 3 -- Attendance: 2486 (82.87%) -- Ticket Income $87,010
Level 4 -- Attendance: 3423 (68.46%) -- Ticket Income $85,575
Luxury Box -- Attendance: 757 (75.70%) -- Ticket Income $151,400
Game was played at the TD Garden.
Total Attendance: 14690 (73.45%)
Total Ticket Income: $978,465
Other Income: $342,463
Total Income: $1,320,928
Colorado Rockies
5 vs 5 Forward
Center Left Wing Right Wing Time % Phy DF OF
1 Tim Stutzle Jesper Bratt Nikita Kucherov 33 1 2 2
2 Evgeny Kuznetsov Kyle Connor David Pastrnak 30 1 2 2
3 Ryan O'Reilly Dylan Strome Nick Schmaltz 25 1 2 2
4 Nick Bonino Kevin Hayes Kyle Palmieri 12 1 2 2
5 vs 5 Defense
Defense Defense Time % Phy DF OF
1 Victor Hedman Quinn Hughes 35 1 2 2
2 Roman Josi Zachary Werenski 33 1 2 2
3 Shea Theodore Martin Fehervary 27 1 2 2
4 Victor Hedman Roman Josi 5 1 2 2
PowerPlay Forward
Center Left Wing Right Wing Time % Phy DF OF
1 Tim Stutzle Kyle Connor Nikita Kucherov 50 1 2 2
2 Ryan O'Reilly Jesper Bratt David Pastrnak 50 1 2 2
PowerPlay Defense
Defense Defense Time % Phy DF OF
1 Victor Hedman Roman Josi 50 1 2 2
2 Quinn Hughes Shea Theodore 50 1 2 2
Penalty Kill 4 Players Forward
Center Wing Time % Phy DF OF
1 Ryan O'Reilly Nick Bonino 50 1 2 2
2 Evgeny Kuznetsov Tim Stutzle 50 1 2 2
Penalty Kill 4 Players Defense
Defense Defense Time % Phy DF OF
1 Victor Hedman Roman Josi 50 1 2 2
2 Quinn Hughes Martin Fehervary 50 1 2 2
Penalty Kill - 3 Players Forward
Forward Time % Phy DF OF
1 Ryan O'Reilly 50 1 2 2
2 Nick Bonino 50 1 2 2
Penalty Kill - 3 Players Defense
Defense Defense Time % Phy DF OF
1 Victor Hedman Roman Josi 50 1 2 2
2 Quinn Hughes Shea Theodore 50 1 2 2
4 vs 4 Forward
Center Wing Time % Phy DF OF
1 Tim Stutzle Nikita Kucherov 50 1 2 2
2 Ryan O'Reilly David Pastrnak 50 1 2 2
4 vs 4 Defense
Defense Defense Time % Phy DF OF
1 Victor Hedman Roman Josi 50 1 2 2
2 Quinn Hughes Martin Fehervary 50 1 2 2
Last Minutes Offensive
Center Left Wing Right Wing Defense Defense
Tim Stutzle Kyle Connor Nikita Kucherov Victor Hedman Roman Josi
Last Minutes Defensive
Center Left Wing Right Wing Defense Defense
Tim Stutzle Kyle Connor Nikita Kucherov Victor Hedman Roman Josi
Goaltenders
Starting : Ilya Samsonov
Backup : Andrei Vasilevskiy
Extra Forwards
Normal : Nick Bonino, Ryan O'Reilly, Evgeny Kuznetsov - PP : Nick Bonino, Ryan O'Reilly - PK : Evgeny Kuznetsov
Extra Defensemen
Normal : Shea Theodore, Martin Fehervary, Quinn Hughes - PP : Shea Theodore - PK : Martin Fehervary, Quinn Hughes
Penalty Shots
Tim Stutzle, Nikita Kucherov, David Pastrnak, Kyle Connor, Jesper Bratt
Boston Bruins
5 vs 5 Forward
Center Left Wing Right Wing Time % Phy DF OF
1 Pavel Zacha Brandon Hagel Phil Kessel 30 1 2 2
2 Ryan Donato Anthony Beauvillier Joel Farabee 30 1 2 2
3 Joe Veleno John-Jason Peterka Nicholas Merkley 25 1 2 2
4 Dylan Gambrell Austin Wagner Mathieu Olivier 15 1 2 2
5 vs 5 Defense
Defense Defense Time % Phy DF OF
1 Charlie McAvoy Tyson Barrie 30 1 2 2
2 Sean Durzi Samuel Girard 30 1 2 2
3 Matt Grzelcyk Victor Mete 25 1 2 2
4 Charlie McAvoy Tyson Barrie 15 1 2 2
PowerPlay Forward
Center Left Wing Right Wing Time % Phy DF OF
1 Pavel Zacha Brandon Hagel Phil Kessel 50 1 2 2
2 Ryan Donato Anthony Beauvillier Joel Farabee 50 1 2 2
PowerPlay Defense
Defense Defense Time % Phy DF OF
1 Charlie McAvoy Tyson Barrie 50 1 2 2
2 Sean Durzi Samuel Girard 50 1 2 2
Penalty Kill 4 Players Forward
Center Wing Time % Phy DF OF
1 Brandon Hagel Pavel Zacha 50 1 2 2
2 Phil Kessel Anthony Beauvillier 50 1 2 2
Penalty Kill 4 Players Defense
Defense Defense Time % Phy DF OF
1 Charlie McAvoy Tyson Barrie 50 1 2 2
2 Sean Durzi Samuel Girard 50 1 2 2
Penalty Kill - 3 Players Forward
Forward Time % Phy DF OF
1 Brandon Hagel 50 1 2 2
2 Pavel Zacha 50 1 2 2
Penalty Kill - 3 Players Defense
Defense Defense Time % Phy DF OF
1 Charlie McAvoy Tyson Barrie 50 1 2 2
2 Sean Durzi Samuel Girard 50 1 2 2
4 vs 4 Forward
Center Wing Time % Phy DF OF
1 Brandon Hagel Pavel Zacha 50 1 2 2
2 Phil Kessel Anthony Beauvillier 50 1 2 2
4 vs 4 Defense
Defense Defense Time % Phy DF OF
1 Charlie McAvoy Tyson Barrie 50 1 2 2
2 Sean Durzi Samuel Girard 50 1 2 2
Last Minutes Offensive
Center Left Wing Right Wing Defense Defense
Pavel Zacha Brandon Hagel Phil Kessel Charlie McAvoy Tyson Barrie
Last Minutes Defensive
Center Left Wing Right Wing Defense Defense
Pavel Zacha Brandon Hagel Phil Kessel Charlie McAvoy Tyson Barrie
Goaltenders
Starting : Leevi Merilainen
Backup : Kyle Keyser
Extra Forwards
Normal : John-Jason Peterka, Nicholas Merkley, Joe Veleno - PP : John-Jason Peterka, Nicholas Merkley - PK : Joe Veleno
Extra Defensemen
Normal : Matt Grzelcyk, Victor Mete, Sean Durzi - PP : Matt Grzelcyk - PK : Victor Mete, Sean Durzi
Penalty Shots
Brandon Hagel, Pavel Zacha, Phil Kessel, Anthony Beauvillier, Joel Farabee
% Time on Ice - Colorado Rockies
Lines # - Real PCT - Wanted PCT - Time Play
Normal Forward
1 - 29% - 33% - 12:56
2 - 32% - 30% - 14:13
3 - 23% - 25% - 10:14
4 - 16% - 12% - 6:55
Normal Defense
1 - 33% - 35% - 14:26
2 - 35% - 33% - 15:35
3 - 25% - 27% - 11:11
4 - 7% - 5% - 3:06
PP Forward
1 - 51% - 50% - 4:48
2 - 49% - 50% - 4:41
PP Defense
1 - 55% - 50% - 5:14
2 - 45% - 50% - 4:15
PK Forward
1 - 55% - 50% - 3:25
2 - 45% - 50% - 2:48
PK Defense
1 - 50% - 50% - 3:07
2 - 50% - 50% - 3:06
PK3 Forward
1 - 0% - 50%
2 - 0% - 50%
PK3 Defense
1 - 0% - 50%
2 - 0% - 50%
44 Forward
1 - 58% - 50% - 2:54
2 - 42% - 50% - 2:06
44 Defense
1 - 73% - 50% - 3:38
2 - 27% - 50% - 1:22
Last Minute Offensive - 0:00
Last Minute Defensive - 0:00
Total
Forward - 65:00
Defense - 65:00
|
% Time on Ice - Boston Bruins
Lines # - Real PCT - Wanted PCT - Time Play
Normal Forward
1 - 31% - 30% - 13:37
2 - 28% - 30% - 12:37
3 - 23% - 25% - 10:19
4 - 17% - 15% - 7:45
Normal Defense
1 - 29% - 30% - 12:43
2 - 37% - 30% - 16:18
3 - 26% - 25% - 11:25
4 - 9% - 15% - 3:52
PP Forward
1 - 50% - 50% - 3:08
2 - 50% - 50% - 3:05
PP Defense
1 - 46% - 50% - 2:50
2 - 54% - 50% - 3:23
PK Forward
1 - 54% - 50% - 5:10
2 - 46% - 50% - 4:19
PK Defense
1 - 48% - 50% - 4:34
2 - 52% - 50% - 4:55
PK3 Forward
1 - 0% - 50%
2 - 0% - 50%
PK3 Defense
1 - 0% - 50%
2 - 0% - 50%
44 Forward
1 - 46% - 50% - 2:18
2 - 54% - 50% - 2:42
44 Defense
1 - 42% - 50% - 2:07
2 - 58% - 50% - 2:53
Last Minute Offensive - 0:00
Last Minute Defensive - 0:00
Total
Forward - 65:00
Defense - 65:00
|
Play-by-Play
1st period
0:01 of 1st period - Tim Stutzle wins face-off versus Pavel Zacha in neutral zone.
0:26 of 1st period - Kyle Connor is hit by Tyson Barrie and loses puck.
0:46 of 1st period - Off-side.
0:47 of 1st period - Ryan O'Reilly wins face-off versus Joe Veleno in neutral zone.
1:11 of 1st period - Icing by Zachary Werenski.
1:12 of 1st period - Ryan O'Reilly wins face-off versus Dylan Gambrell in Colorado Rockies zone.
1:57 of 1st period - Minor Penalty to Brandon Hagel for Diving.
1:58 of 1st period - Tim Stutzle wins face-off versus Joe Veleno in Boston Bruins zone.
2:01 of 1st period - Slapshot by Nikita Kucherov.
2:01 of 1st period - Shot Misses the Net.
2:03 of 1st period - Slapshot by Quinn Hughes.
2:03 of 1st period - Goal by Quinn Hughes - Colorado Rockies : 1 - Boston Bruins : 0.
2:04 of 1st period - Evgeny Kuznetsov wins face-off versus Ryan Donato in neutral zone.
2:58 of 1st period - Slapshot by Charlie McAvoy.
2:58 of 1st period - Stopped by Ilya Samsonov without a rebound.
2:59 of 1st period - Ryan O'Reilly wins face-off versus Joe Veleno in Colorado Rockies zone.
3:09 of 1st period - Ryan O'Reilly is hit by Samuel Girard.
3:13 of 1st period - Wrist shot by Dylan Strome.
3:13 of 1st period - Shot Blocked by Sean Durzi.
3:25 of 1st period - Samuel Girard is hit by Evgeny Kuznetsov and loses puck.
3:30 of 1st period - Wrist shot by David Pastrnak.
3:30 of 1st period - Shot Misses the Net.
3:34 of 1st period - Wrist shot by Kyle Connor.
3:34 of 1st period - Shot Misses the Net.
3:56 of 1st period - Wrist shot by Tim Stutzle.
3:56 of 1st period - Shot Misses the Net.
3:58 of 1st period - Snap shot by Nikita Kucherov.
3:58 of 1st period - Shot Misses the Net.
4:00 of 1st period - Slapshot by Jesper Bratt.
4:00 of 1st period - Shot Blocked by Brandon Hagel.
4:32 of 1st period - Snap shot by Dylan Strome.
4:32 of 1st period - Deflect By Nick Schmaltz.
4:32 of 1st period - Stopped by Leevi Merilainen without a rebound.
4:33 of 1st period - Joe Veleno wins face-off versus Ryan O'Reilly in Boston Bruins zone.
4:46 of 1st period - Slapshot by Nick Schmaltz.
4:46 of 1st period - Stopped by Leevi Merilainen with a rebound.
5:00 of 1st period - Charlie McAvoy is hit by David Pastrnak and loses puck.
5:39 of 1st period - Wrist shot by Tim Stutzle.
5:39 of 1st period - Stopped by Leevi Merilainen without a rebound.
5:40 of 1st period - Tim Stutzle wins face-off versus Ryan Donato in Boston Bruins zone.
5:49 of 1st period - Wrist shot by Nikita Kucherov.
5:49 of 1st period - Deflect By Tim Stutzle.
5:49 of 1st period - Shot Blocked by Matt Grzelcyk.
5:49 of 1st period - Puck is out of play.
5:50 of 1st period - Ryan Donato wins face-off versus Evgeny Kuznetsov in Boston Bruins zone.
6:18 of 1st period - Slapshot by Brandon Hagel.
6:18 of 1st period - Stopped by Ilya Samsonov without a rebound.
6:19 of 1st period - Jesper Bratt wins face-off versus Pavel Zacha in Colorado Rockies zone.
6:24 of 1st period - Slapshot by Brandon Hagel.
6:24 of 1st period - Shot Blocked by Jesper Bratt.
6:26 of 1st period - Slapshot by Brandon Hagel.
6:26 of 1st period - Stopped by Ilya Samsonov with a rebound.
6:28 of 1st period - Wrist shot by Brandon Hagel.
6:28 of 1st period - Stopped by Ilya Samsonov without a rebound.
6:29 of 1st period - Ryan O'Reilly wins face-off versus Joe Veleno in Colorado Rockies zone.
6:36 of 1st period - Backhand shot by Dylan Strome.
6:36 of 1st period - Shot Misses the Net.
7:05 of 1st period - Slapshot by Kyle Connor.
7:05 of 1st period - Stopped by Leevi Merilainen with a rebound.
7:25 of 1st period - Slapshot by Charlie McAvoy.
7:25 of 1st period - Stopped by Ilya Samsonov with a rebound.
7:27 of 1st period - Snap shot by Charlie McAvoy.
7:27 of 1st period - Shot Blocked by Kyle Connor.
7:29 of 1st period - Snap shot by John-Jason Peterka.
7:29 of 1st period - Shot Blocked by Kyle Connor.
7:31 of 1st period - Slapshot by Charlie McAvoy.
7:31 of 1st period - Stopped by Ilya Samsonov without a rebound.
7:32 of 1st period - Pavel Zacha wins face-off versus Tim Stutzle in Colorado Rockies zone.
7:53 of 1st period - Jesper Bratt is hit by Pavel Zacha and loses puck.
8:23 of 1st period - Wrist shot by Tim Stutzle.
8:23 of 1st period - Stopped by Leevi Merilainen without a rebound.
8:24 of 1st period - Ryan O'Reilly wins face-off versus Ryan Donato in Boston Bruins zone.
9:52 of 1st period - Snap shot by Pavel Zacha.
9:52 of 1st period - Shot Misses the Net.
9:54 of 1st period - Wrist shot by Pavel Zacha.
9:54 of 1st period - Deflect By Brandon Hagel.
9:54 of 1st period - Stopped by Ilya Samsonov with a rebound.
10:04 of 1st period - Snap shot by Dylan Gambrell.
10:04 of 1st period - Stopped by Ilya Samsonov with a rebound.
10:06 of 1st period - Slapshot by Mathieu Olivier.
10:06 of 1st period - Shot Misses the Net.
11:13 of 1st period - Off-side.
11:14 of 1st period - Ryan O'Reilly wins face-off versus Ryan Donato in neutral zone.
11:23 of 1st period - Wrist shot by Nick Schmaltz.
11:23 of 1st period - Stopped by Leevi Merilainen with a rebound.
11:25 of 1st period - Snap shot by Ryan O'Reilly.
11:25 of 1st period - Shot Misses the Net.
11:40 of 1st period - Minor Penalty to Victor Mete for Holding.
11:41 of 1st period - Phil Kessel wins face-off versus Tim Stutzle in Boston Bruins zone.
12:49 of 1st period - Off-side.
12:50 of 1st period - Phil Kessel wins face-off versus Ryan O'Reilly in neutral zone.
13:07 of 1st period - Wrist shot by Kyle Connor.
13:07 of 1st period - Goal by Kyle Connor - Colorado Rockies : 2 - Boston Bruins : 0.
13:08 of 1st period - Tim Stutzle wins face-off versus Phil Kessel in neutral zone.
13:14 of 1st period - Phil Kessel is hit by Nikita Kucherov and loses puck.
13:25 of 1st period - Wrist shot by Tim Stutzle.
13:25 of 1st period - Stopped by Leevi Merilainen with a rebound.
13:50 of 1st period - Snap shot by Pavel Zacha.
13:50 of 1st period - Shot Blocked by Roman Josi.
13:52 of 1st period - Slapshot by Sean Durzi.
13:52 of 1st period - Shot Misses the Net.
13:54 of 1st period - Slapshot by Brandon Hagel.
13:54 of 1st period - Shot Misses the Net.
13:56 of 1st period - Snap shot by Pavel Zacha.
13:56 of 1st period - Stopped by Ilya Samsonov with a rebound.
13:58 of 1st period - Slapshot by Samuel Girard.
13:58 of 1st period - Stopped by Ilya Samsonov with a rebound.
14:00 of 1st period - Wrist shot by Matt Grzelcyk.
14:00 of 1st period - Stopped by Ilya Samsonov with a rebound.
14:02 of 1st period - Snap shot by Brandon Hagel.
14:02 of 1st period - Stopped by Ilya Samsonov with a rebound.
14:04 of 1st period - Slapshot by Victor Mete.
14:04 of 1st period - Deflect By Phil Kessel.
14:04 of 1st period - Shot Hit the Post.
14:04 of 1st period - Puck is out of play.
14:05 of 1st period - Evgeny Kuznetsov wins face-off versus Ryan Donato in Colorado Rockies zone.
14:10 of 1st period - Slapshot by Joel Farabee.
14:10 of 1st period - Shot Blocked by Evgeny Kuznetsov.
14:32 of 1st period - John-Jason Peterka is hit by Martin Fehervary and loses puck.
15:01 of 1st period - Victor Mete is hit by Kyle Palmieri and loses puck.
15:18 of 1st period - Snap shot by Anthony Beauvillier.
15:18 of 1st period - Deflect By Ryan Donato.
15:18 of 1st period - Stopped by Ilya Samsonov without a rebound.
15:19 of 1st period - Joe Veleno wins face-off versus Tim Stutzle in Colorado Rockies zone.
15:48 of 1st period - Snap shot by Tim Stutzle.
15:48 of 1st period - Stopped by Leevi Merilainen without a rebound.
15:49 of 1st period - Evgeny Kuznetsov wins face-off versus Pavel Zacha in Boston Bruins zone.
16:00 of 1st period - Slapshot by Kyle Connor.
16:00 of 1st period - Shot Blocked by Phil Kessel.
16:04 of 1st period - Wrist shot by David Pastrnak.
16:04 of 1st period - Shot Misses the Net.
16:18 of 1st period - Victor Hedman is hit by Joel Farabee and loses puck.
16:23 of 1st period - Snap shot by Anthony Beauvillier.
16:23 of 1st period - Shot Blocked by Victor Hedman.
16:31 of 1st period - Joel Farabee is hit by Nick Schmaltz and loses puck.
17:06 of 1st period - Slapshot by Tyson Barrie.
17:06 of 1st period - Shot Misses the Net.
17:08 of 1st period - Snap shot by Dylan Gambrell.
17:08 of 1st period - Shot Misses the Net.
17:10 of 1st period - Snap shot by Dylan Gambrell.
17:10 of 1st period - Deflect By Mathieu Olivier.
17:10 of 1st period - Stopped by Ilya Samsonov without a rebound.
17:11 of 1st period - Dylan Gambrell wins face-off versus Evgeny Kuznetsov in Colorado Rockies zone.
17:26 of 1st period - Backhand shot by Austin Wagner.
17:26 of 1st period - Shot Misses the Net.
18:36 of 1st period - Minor Penalty to Martin Fehervary for Interference.
18:37 of 1st period - Pavel Zacha wins face-off versus Ryan O'Reilly in Colorado Rockies zone.
19:06 of 1st period - Snap shot by Joel Farabee.
19:06 of 1st period - Shot Misses the Net.
Goals for this period are 2 for Colorado Rockies vs 0 for Boston Bruins.
Shots for this period are 10 for Colorado Rockies vs 14 for Boston Bruins.
2nd period
0:01 of 2nd period - Evgeny Kuznetsov wins face-off versus Ryan Donato in neutral zone.
0:08 of 2nd period - Slapshot by Tim Stutzle.
0:08 of 2nd period - Stopped by Leevi Merilainen without a rebound.
0:09 of 2nd period - Ryan Donato wins face-off versus Evgeny Kuznetsov in Boston Bruins zone.
0:18 of 2nd period - Wrist shot by Joel Farabee.
0:18 of 2nd period - Deflect By Ryan Donato.
0:18 of 2nd period - Shot Misses the Net.
0:18 of 2nd period - Puck is out of play.
0:19 of 2nd period - Pavel Zacha wins face-off versus Ryan O'Reilly in Colorado Rockies zone.
0:36 of 2nd period - Penalty to Martin Fehervary is over, Martin Fehervary is back on ice.
0:52 of 2nd period - Snap shot by Anthony Beauvillier.
0:52 of 2nd period - Stopped by Ilya Samsonov without a rebound.
0:53 of 2nd period - Evgeny Kuznetsov wins face-off versus Joe Veleno in Colorado Rockies zone.
1:02 of 2nd period - Sean Durzi is hit by Evgeny Kuznetsov and loses puck.
1:19 of 2nd period - Victor Hedman is hit by Anthony Beauvillier and loses puck.
2:25 of 2nd period - Wrist shot by Ryan O'Reilly.
2:25 of 2nd period - Shot Misses the Net.
2:42 of 2nd period - Wrist shot by Ryan O'Reilly.
2:42 of 2nd period - Stopped by Leevi Merilainen with a rebound.
3:11 of 2nd period - Icing by David Pastrnak.
3:12 of 2nd period - Pavel Zacha wins face-off versus Tim Stutzle in Colorado Rockies zone.
3:39 of 2nd period - Wrist shot by Tim Stutzle.
3:39 of 2nd period - Shot Hit the Post.
4:00 of 2nd period - Minor Penalty to Charlie McAvoy for Roughing.
4:01 of 2nd period - Pavel Zacha wins face-off versus Ryan O'Reilly in Boston Bruins zone.
5:14 of 2nd period - Pavel Zacha is hit by Quinn Hughes and loses puck.
6:00 of 2nd period - Penalty to Charlie McAvoy is over, Charlie McAvoy is back on ice.
6:00 of 2nd period - Icing by Shea Theodore.
6:01 of 2nd period - Ryan O'Reilly wins face-off versus Joe Veleno in Colorado Rockies zone.
6:33 of 2nd period - Minor Penalty to Nick Bonino for Interference.
6:34 of 2nd period - Ryan Donato wins face-off versus Evgeny Kuznetsov in Colorado Rockies zone.
6:49 of 2nd period - Snap shot by Ryan O'Reilly.
6:49 of 2nd period - Shot Blocked by Sean Durzi.
7:35 of 2nd period - Icing by Phil Kessel.
7:36 of 2nd period - Pavel Zacha wins face-off versus Tim Stutzle in Boston Bruins zone.
8:19 of 2nd period - Slapshot by Victor Hedman.
8:19 of 2nd period - Shot Misses the Net.
8:33 of 2nd period - Penalty to Nick Bonino is over, Nick Bonino is back on ice.
9:47 of 2nd period - Snap shot by David Pastrnak.
9:47 of 2nd period - Shot Misses the Net.
10:03 of 2nd period - Slapshot by Charlie McAvoy.
10:03 of 2nd period - Shot Blocked by Victor Hedman.
10:15 of 2nd period - Matt Grzelcyk is hit by Kyle Palmieri and loses puck.
10:20 of 2nd period - Snap shot by Kevin Hayes.
10:20 of 2nd period - Stopped by Leevi Merilainen without a rebound.
10:21 of 2nd period - Ryan Donato wins face-off versus Evgeny Kuznetsov in Boston Bruins zone.
11:12 of 2nd period - Charlie McAvoy is hit by Jesper Bratt and loses puck.
11:33 of 2nd period - Kevin Hayes is hit by Ryan Donato and loses puck.
11:55 of 2nd period - Victor Mete is hit by Kyle Connor and loses puck.
12:16 of 2nd period - Ryan O'Reilly is hit by Joe Veleno and loses puck.
12:23 of 2nd period - Martin Fehervary is hit by Nicholas Merkley and loses puck.
12:48 of 2nd period - Ryan Donato is hit by Tim Stutzle and loses puck.
13:23 of 2nd period - Wrist shot by Dylan Gambrell.
13:23 of 2nd period - Shot Misses the Net.
13:25 of 2nd period - Wrist shot by Dylan Gambrell.
13:25 of 2nd period - Stopped by Ilya Samsonov with a rebound.
13:27 of 2nd period - Snap shot by Dylan Gambrell.
13:27 of 2nd period - Goal by Dylan Gambrell - Colorado Rockies : 2 - Boston Bruins : 1.
13:28 of 2nd period - Evgeny Kuznetsov wins face-off versus Pavel Zacha in neutral zone.
13:31 of 2nd period - Snap shot by Kyle Connor.
13:31 of 2nd period - Deflect By Tyson Barrie.
13:31 of 2nd period - Shot Misses the Net.
13:31 of 2nd period - Puck is out of play.
13:32 of 2nd period - Kyle Connor wins face-off versus Pavel Zacha in Boston Bruins zone.
14:19 of 2nd period - Slapshot by David Pastrnak.
14:19 of 2nd period - Deflect By Charlie McAvoy.
14:19 of 2nd period - Shot Misses the Net.
14:19 of 2nd period - Puck is out of play.
14:20 of 2nd period - Tim Stutzle wins face-off versus Ryan Donato in Boston Bruins zone.
14:47 of 2nd period - Roman Josi is hit by Samuel Girard and loses puck.
14:48 of 2nd period - Roman Josi from Colorado Rockies is injured at 14:48 of 2nd period (Right Knee).
14:49 of 2nd period - Pavel Zacha wins face-off versus Tim Stutzle in Colorado Rockies zone.
15:16 of 2nd period - Quinn Hughes is hit by Sean Durzi and loses puck.
15:24 of 2nd period - Minor Penalty to Joel Farabee for Goalie Interference.
15:25 of 2nd period - Ryan O'Reilly wins face-off versus Phil Kessel in Boston Bruins zone.
15:33 of 2nd period - Wrist shot by David Pastrnak.
15:33 of 2nd period - Stopped by Leevi Merilainen without a rebound.
15:34 of 2nd period - Anthony Beauvillier wins face-off versus Ryan O'Reilly in Boston Bruins zone.
15:59 of 2nd period - Slapshot by David Pastrnak.
15:59 of 2nd period - Shot Misses the Net.
16:01 of 2nd period - Slapshot by Shea Theodore.
16:01 of 2nd period - Deflect By Brandon Hagel.
16:01 of 2nd period - Stopped by Leevi Merilainen with a rebound.
16:03 of 2nd period - Wrist shot by Ryan O'Reilly.
16:03 of 2nd period - Stopped by Leevi Merilainen without a rebound.
16:04 of 2nd period - Phil Kessel wins face-off versus Tim Stutzle in Boston Bruins zone.
16:13 of 2nd period - Phil Kessel is hit by Kyle Connor and loses puck.
17:24 of 2nd period - Penalty to Joel Farabee is over, Joel Farabee is back on ice.
17:50 of 2nd period - Joe Veleno is hit by Victor Hedman.
18:15 of 2nd period - Slapshot by Victor Hedman.
18:15 of 2nd period - Deflect By Victor Mete.
18:15 of 2nd period - Stopped by Leevi Merilainen without a rebound.
18:16 of 2nd period - Nick Bonino wins face-off versus Anthony Beauvillier in Boston Bruins zone.
18:41 of 2nd period - Tyson Barrie is hit by Jesper Bratt and loses puck.
18:46 of 2nd period - Snap shot by Tim Stutzle.
18:46 of 2nd period - Shot Blocked by Joe Veleno.
19:20 of 2nd period - Minor Penalty to Quinn Hughes for Elbowing.
19:21 of 2nd period - Evgeny Kuznetsov wins face-off versus Pavel Zacha in Colorado Rockies zone.
19:36 of 2nd period - Slapshot by Sean Durzi.
19:36 of 2nd period - Goal by Sean Durzi - Colorado Rockies : 2 - Boston Bruins : 2.
19:37 of 2nd period - Tim Stutzle wins face-off versus Pavel Zacha in neutral zone.
19:40 of 2nd period - Backhand shot by Nikita Kucherov.
19:40 of 2nd period - Shot Misses the Net.
19:42 of 2nd period - Wrist shot by Victor Hedman.
19:42 of 2nd period - Stopped by Leevi Merilainen without a rebound.
19:43 of 2nd period - Ryan Donato wins face-off versus Tim Stutzle in Boston Bruins zone.
19:45 of 2nd period - Minor Penalty to Charlie McAvoy for Hooking.
19:46 of 2nd period - Nikita Kucherov wins face-off versus Phil Kessel in Boston Bruins zone.
19:56 of 2nd period - Wrist shot by Quinn Hughes.
19:56 of 2nd period - Shot Misses the Net.
19:58 of 2nd period - Snap shot by Kyle Connor.
19:58 of 2nd period - Shot Misses the Net.
Goals for this period are 0 for Colorado Rockies vs 2 for Boston Bruins.
Shots for this period are 8 for Colorado Rockies vs 4 for Boston Bruins.
3rd period
0:01 of 3rd period - Phil Kessel wins face-off versus Tim Stutzle in neutral zone.
0:05 of 3rd period - Off-side.
0:06 of 3rd period - Tim Stutzle wins face-off versus Phil Kessel in neutral zone.
0:13 of 3rd period - Snap shot by Nikita Kucherov.
0:13 of 3rd period - Stopped by Leevi Merilainen with a rebound.
0:31 of 3rd period - Quinn Hughes is hit by Pavel Zacha and loses puck.
0:57 of 3rd period - Samuel Girard is hit by Kyle Connor and loses puck.
0:58 of 3rd period - Samuel Girard from Boston Bruins is injured at 0:58 of 3rd period (Bruised Right Foot).
0:59 of 3rd period - Ryan O'Reilly wins face-off versus Phil Kessel in Boston Bruins zone.
1:00 of 3rd period - Slapshot by David Pastrnak.
1:00 of 3rd period - Shot Misses the Net.
1:10 of 3rd period - Slapshot by Shea Theodore.
1:10 of 3rd period - Shot Misses the Net.
1:12 of 3rd period - Snap shot by Ryan O'Reilly.
1:12 of 3rd period - Shot Misses the Net.
1:14 of 3rd period - Slapshot by Jesper Bratt.
1:14 of 3rd period - Stopped by Leevi Merilainen without a rebound.
1:15 of 3rd period - Nikita Kucherov wins face-off versus Phil Kessel in Boston Bruins zone.
1:24 of 3rd period - Wrist shot by Tim Stutzle.
1:24 of 3rd period - Shot Misses the Net.
1:26 of 3rd period - Backhand shot by Quinn Hughes.
1:26 of 3rd period - Deflect By Kyle Connor.
1:26 of 3rd period - Shot Blocked by Tyson Barrie.
1:26 of 3rd period - Puck is out of play.
1:27 of 3rd period - Phil Kessel wins face-off versus Tim Stutzle in Boston Bruins zone.
1:45 of 3rd period - Penalty to Charlie McAvoy is over, Charlie McAvoy is back on ice.
1:52 of 3rd period - Wrist shot by Brandon Hagel.
1:52 of 3rd period - Shot Misses the Net.
2:04 of 3rd period - Charlie McAvoy is hit by Nick Schmaltz and loses puck.
2:34 of 3rd period - John-Jason Peterka is hit by Evgeny Kuznetsov and loses puck.
2:41 of 3rd period - Slapshot by Tyson Barrie.
2:41 of 3rd period - Shot Misses the Net.
2:43 of 3rd period - Snap shot by John-Jason Peterka.
2:43 of 3rd period - Shot Blocked by Martin Fehervary.
2:45 of 3rd period - Wrist shot by Nicholas Merkley.
2:45 of 3rd period - Deflect By Joe Veleno.
2:45 of 3rd period - Stopped by Ilya Samsonov without a rebound.
2:46 of 3rd period - Tim Stutzle wins face-off versus Ryan Donato in Colorado Rockies zone.
2:48 of 3rd period - Minor Penalty to Nikita Kucherov for Holding.
2:49 of 3rd period - Evgeny Kuznetsov wins face-off versus Ryan Donato in Colorado Rockies zone.
3:03 of 3rd period - Martin Fehervary is hit by Tyson Barrie and loses puck.
3:14 of 3rd period - Evgeny Kuznetsov is hit by Charlie McAvoy and loses puck.
3:33 of 3rd period - Joel Farabee is hit by Nick Bonino and loses puck.
3:56 of 3rd period - Zachary Werenski is hit by Pavel Zacha and loses puck.
4:48 of 3rd period - Penalty to Nikita Kucherov is over, Nikita Kucherov is back on ice.
4:59 of 3rd period - Dylan Strome is hit by Austin Wagner and loses puck.
5:33 of 3rd period - John-Jason Peterka is hit by Zachary Werenski and loses puck.
6:45 of 3rd period - Icing by Jesper Bratt.
6:46 of 3rd period - Nick Bonino wins face-off versus Ryan Donato in Colorado Rockies zone.
6:46 of 3rd period - Nick Bonino is hit by Tyson Barrie.
7:12 of 3rd period - Slapshot by Brandon Hagel.
7:12 of 3rd period - Shot Misses the Net.
7:14 of 3rd period - Wrist shot by Phil Kessel.
7:14 of 3rd period - Shot Misses the Net.
7:16 of 3rd period - Snap shot by Brandon Hagel.
7:16 of 3rd period - Stopped by Ilya Samsonov with a rebound.
8:17 of 3rd period - Backhand shot by Anthony Beauvillier.
8:17 of 3rd period - Stopped by Ilya Samsonov without a rebound.
8:18 of 3rd period - Pavel Zacha wins face-off versus Nick Schmaltz in Colorado Rockies zone.
8:29 of 3rd period - Phil Kessel is hit by Ryan O'Reilly and loses puck.
8:34 of 3rd period - Snap shot by Nick Schmaltz.
8:34 of 3rd period - Shot Misses the Net.
8:44 of 3rd period - Shea Theodore is hit by Tyson Barrie.
9:06 of 3rd period - Slapshot by Charlie McAvoy.
9:06 of 3rd period - Deflect By Nicholas Merkley.
9:06 of 3rd period - Stopped by Ilya Samsonov without a rebound.
9:07 of 3rd period - Nicholas Merkley wins face-off versus David Pastrnak in Colorado Rockies zone.
9:08 of 3rd period - Slapshot by Sean Durzi.
9:08 of 3rd period - Stopped by Ilya Samsonov with a rebound.
9:12 of 3rd period - Wrist shot by John-Jason Peterka.
9:12 of 3rd period - Shot Misses the Net.
9:14 of 3rd period - Snap shot by Joe Veleno.
9:14 of 3rd period - Stopped by Ilya Samsonov with a rebound.
9:16 of 3rd period - Wrist shot by Matt Grzelcyk.
9:16 of 3rd period - Stopped by Ilya Samsonov with a rebound.
9:39 of 3rd period - Slapshot by Kyle Connor.
9:39 of 3rd period - Stopped by Leevi Merilainen without a rebound.
9:40 of 3rd period - Ryan Donato wins face-off versus Tim Stutzle in Boston Bruins zone.
9:49 of 3rd period - Wrist shot by Joel Farabee.
9:49 of 3rd period - Stopped by Ilya Samsonov without a rebound.
9:50 of 3rd period - Ryan Donato wins face-off versus Tim Stutzle in Colorado Rockies zone.
9:51 of 3rd period - Wrist shot by Anthony Beauvillier.
9:51 of 3rd period - Shot Misses the Net.
9:53 of 3rd period - Wrist shot by Joel Farabee.
9:53 of 3rd period - Shot Blocked by Quinn Hughes.
9:55 of 3rd period - Slapshot by Tyson Barrie.
9:55 of 3rd period - Shot Blocked by Jesper Bratt.
9:57 of 3rd period - Snap shot by Anthony Beauvillier.
9:57 of 3rd period - Shot Misses the Net.
9:59 of 3rd period - Snap shot by Ryan Donato.
9:59 of 3rd period - Stopped by Ilya Samsonov without a rebound.
10:00 of 3rd period - Pavel Zacha wins face-off versus Tim Stutzle in Colorado Rockies zone.
10:03 of 3rd period - Snap shot by Brandon Hagel.
10:03 of 3rd period - Stopped by Ilya Samsonov with a rebound.
10:27 of 3rd period - Kyle Connor is hit by Tyson Barrie and loses puck.
10:36 of 3rd period - Snap shot by Kyle Connor.
10:36 of 3rd period - Stopped by Leevi Merilainen without a rebound.
10:37 of 3rd period - Ryan Donato wins face-off versus Tim Stutzle in Boston Bruins zone.
11:13 of 3rd period - Slapshot by Kyle Connor.
11:13 of 3rd period - Stopped by Leevi Merilainen without a rebound.
11:14 of 3rd period - Tim Stutzle wins face-off versus Ryan Donato in Boston Bruins zone.
11:15 of 3rd period - Snap shot by Nikita Kucherov.
11:15 of 3rd period - Stopped by Leevi Merilainen with a rebound.
11:46 of 3rd period - Snap shot by Kyle Connor.
11:46 of 3rd period - Stopped by Leevi Merilainen without a rebound.
11:47 of 3rd period - Ryan O'Reilly wins face-off versus Ryan Donato in Boston Bruins zone.
11:50 of 3rd period - Slapshot by Dylan Strome.
11:50 of 3rd period - Stopped by Leevi Merilainen with a rebound.
11:58 of 3rd period - Wrist shot by Nick Schmaltz.
11:58 of 3rd period - Stopped by Leevi Merilainen without a rebound.
11:59 of 3rd period - Tim Stutzle wins face-off versus Pavel Zacha in Boston Bruins zone.
12:26 of 3rd period - Charlie McAvoy is hit by Ryan O'Reilly and loses puck.
12:51 of 3rd period - Snap shot by Ryan Donato.
12:51 of 3rd period - Shot Misses the Net.
13:42 of 3rd period - Minor Penalty to Brandon Hagel for Interference.
13:43 of 3rd period - Ryan O'Reilly wins face-off versus Phil Kessel in Boston Bruins zone.
15:06 of 3rd period - Matt Grzelcyk is hit by Jesper Bratt.
15:42 of 3rd period - Penalty to Brandon Hagel is over, Brandon Hagel is back on ice.
15:58 of 3rd period - Slapshot by Charlie McAvoy.
15:58 of 3rd period - Shot Blocked by Nick Schmaltz.
16:00 of 3rd period - Slapshot by Charlie McAvoy.
16:00 of 3rd period - Shot Blocked by Zachary Werenski.
16:02 of 3rd period - Slapshot by Tyson Barrie.
16:02 of 3rd period - Shot Misses the Net.
16:04 of 3rd period - Slapshot by Joe Veleno.
16:04 of 3rd period - Deflect By Brandon Hagel.
16:04 of 3rd period - Shot Blocked by Shea Theodore.
16:04 of 3rd period - Puck is out of play.
16:05 of 3rd period - Dylan Gambrell wins face-off versus David Pastrnak in Colorado Rockies zone.
16:45 of 3rd period - Martin Fehervary is hit by Sean Durzi and loses puck.
17:13 of 3rd period - John-Jason Peterka is hit by Kyle Palmieri and loses puck.
17:20 of 3rd period - Sean Durzi is hit by Zachary Werenski and loses puck.
17:31 of 3rd period - Phil Kessel is hit by Kyle Connor and loses puck.
17:44 of 3rd period - Austin Wagner is hit by Ryan O'Reilly and loses puck.
17:56 of 3rd period - Dylan Strome is hit by Dylan Gambrell and loses puck.
18:13 of 3rd period - Jesper Bratt is hit by Brandon Hagel and loses puck.
18:38 of 3rd period - Kevin Hayes is hit by John-Jason Peterka and loses puck.
19:50 of 3rd period - Evgeny Kuznetsov is hit by Ryan Donato and loses puck.
Goals for this period are 0 for Colorado Rockies vs 0 for Boston Bruins.
Shots for this period are 9 for Colorado Rockies vs 10 for Boston Bruins.
Overtime #1
0:01 of 1st overtime period - Pavel Zacha wins face-off versus Tim Stutzle in neutral zone.
0:04 of 1st overtime period - Tim Stutzle is hit by Charlie McAvoy.
0:16 of 1st overtime period - Wrist shot by Charlie McAvoy.
0:16 of 1st overtime period - Shot Blocked by Nikita Kucherov.
0:28 of 1st overtime period - Slapshot by Shea Theodore.
0:28 of 1st overtime period - Stopped by Leevi Merilainen with a rebound.
0:38 of 1st overtime period - Snap shot by Anthony Beauvillier.
0:38 of 1st overtime period - Shot Misses the Net.
0:48 of 1st overtime period - Pavel Zacha is hit by Nikita Kucherov and loses puck.
0:56 of 1st overtime period - Icing by Sean Durzi.
0:57 of 1st overtime period - Ryan O'Reilly wins face-off versus Brandon Hagel in Boston Bruins zone.
1:08 of 1st overtime period - Slapshot by David Pastrnak.
1:08 of 1st overtime period - Shot Blocked by Sean Durzi.
2:58 of 1st overtime period - Tyson Barrie is hit by Quinn Hughes and loses puck.
3:19 of 1st overtime period - Quinn Hughes is hit by Nicholas Merkley and loses puck.
3:56 of 1st overtime period - Sean Durzi is hit by Nick Bonino and loses puck.
4:07 of 1st overtime period - Shea Theodore is hit by Sean Durzi and loses puck.
4:26 of 1st overtime period - Shea Theodore is hit by Charlie McAvoy.
Goals for this period are 0 for Colorado Rockies vs 0 for Boston Bruins.
Shots for this period are 1 for Colorado Rockies vs 0 for Boston Bruins.
ShootOut
5:00 of 1st overtime period - Round #1.
5:00 of 1st overtime period - Colorado Rockies, Tim Stutzle.
5:00 of 1st overtime period - Snap shot by Tim Stutzle.
5:00 of 1st overtime period - Shot Misses the Net.
5:00 of 1st overtime period - Boston Bruins, Brandon Hagel.
5:00 of 1st overtime period - Wrist shot by Brandon Hagel.
5:00 of 1st overtime period - Shot Misses the Net.
5:00 of 1st overtime period - Round #2.
5:00 of 1st overtime period - Colorado Rockies, Nikita Kucherov.
5:00 of 1st overtime period - Backhand shot by Nikita Kucherov.
5:00 of 1st overtime period - Stopped by Leevi Merilainen.
5:00 of 1st overtime period - Boston Bruins, Pavel Zacha.
5:00 of 1st overtime period - Backhand shot by Pavel Zacha.
5:00 of 1st overtime period - Stopped by Ilya Samsonov.
5:00 of 1st overtime period - Round #3.
5:00 of 1st overtime period - Colorado Rockies, David Pastrnak.
5:00 of 1st overtime period - Snap shot by David Pastrnak.
5:00 of 1st overtime period - Stopped by Leevi Merilainen.
5:00 of 1st overtime period - Boston Bruins, Phil Kessel.
5:00 of 1st overtime period - Wrist shot by Phil Kessel.
5:00 of 1st overtime period - Stopped by Ilya Samsonov.
5:00 of 1st overtime period - Round #4.
5:00 of 1st overtime period - Colorado Rockies, Kyle Connor.
5:00 of 1st overtime period - Wrist shot by Kyle Connor.
5:00 of 1st overtime period - Goal by Kyle Connor.
5:00 of 1st overtime period - Boston Bruins, Anthony Beauvillier.
5:00 of 1st overtime period - Deke by Anthony Beauvillier.
5:00 of 1st overtime period - Stopped by Ilya Samsonov.
Back to the Top